 Dungeon Crawl Stone Soup version 0.21-a0-215-g0631661 (webtiles) character file.

116 tehllama the Insei (level 5, -1/33 HPs)
             Began as an Octopode Transmuter on Aug 22, 2017.
             Slain by a giant cockroach (2 damage)
             ... on level 3 of the Dungeon.
             The game lasted 00:05:05 (2412 turns).

tehllama the Insei (Octopode Transmuter)            Turns: 2412, Time: 00:05:06

Health: -1/33      AC:  1    Str: 10 (11) XL:     5   Next: 0%
Magic:  8/8        EV: 13    Int: 12 (15) God:
Gold:   61         SH:  0    Dex: 10 (12) Spells: 2/8 levels left

rFire    . . .     SeeInvis .     - Unarmed
rCold    . . .     Gourm    .   (no shield)
rNeg     . . .     Faith    .   (helmet restricted)
rPois    .         Spirit   .   (no amulet)
rElec    .         Reflect  .   (no ring)
rCorr    .         Harm     .   (no ring)
MR       .....                  (no ring)
Stlth    +++.......             (no ring)
HPRegen  0.11/turn              (no ring)
MPRegen  0.11/turn              (no ring)
                                (no ring)
                                (no ring)

@: no status effects
A: almost no armour, stealthy swim, amphibious, 8 rings, constrict 8, camouflage
1, gelatinous body 1
a: no special abilities


You were on level 3 of the Dungeon.
You were not hungry.

You visited 1 branch of the dungeon, and saw 3 of its levels.

You collected 61 gold pieces.

Inventory:

Missiles
 a - 25 arrows
Scrolls
 i - a scroll of teleportation {unknown}
 k - a scroll of remove curse
 l - 2 scrolls of identify {unknown}
 m - a scroll of immolation {unknown}
Potions
 h - a potion of berserk rage {unknown}
Books
 b - a book of Changes

   Spells                             Type                      Level
   a - Beastly Appendage              Transmutation                1
   b - Sticks to Snakes               Transmutation                2
   c - Spider Form                    Transmutation/Poison         3
   d - Ice Form                       Ice/Transmutation            4
   e - Blade Hands                    Transmutation                5
Comestibles
 c - 4 bread rations
 d - 2 meat rations
 f - 4 chunks of flesh
 g - a royal jelly


   Skills:
 - Level 1.0 Fighting
 - Level 2.0 Dodging
 + Level 3.1 Stealth
 + Level 4.9 Unarmed Combat
 - Level 2.0 Spellcasting
 - Level 2.0 Transmutations


You had 2 spell levels left.
You knew the following spells:

 Your Spells              Type           Power        Failure   Level  Hunger
a - Beastly Appendage     Tmut           #.....       12%         1    ##.....
b - Sticks to Snakes      Tmut           #.......     19%         2    ###....
c - Spider Form           Tmut/Pois      #.........   47%         3    ####...


Dungeon Overview and Level Annotations

Branches:
Dungeon (3/15)

Altars:

Annotations:
D:3 Robin


Innate Abilities, Weirdness & Mutations

You cannot wear most types of armour.
You are very stealthy in the water. (Stealth+)
You are amphibious.
You can wear up to eight rings at the same time.
You can use your tentacles to constrict eight enemies at once.
Your skin changes colour to match your surroundings (Stealth+).
Your rubbery body absorbs attacks. (AC +1, EV +1)


Message History

The goblin unwields an uncursed dagger.
The goblin wields an uncursed hunting sling.
The goblin shoots a stone.
The stone hits you.
* * * LOW HITPOINT WARNING * * *
Robin hits you with a mace.
* * * LOW HITPOINT WARNING * * *
The giant cockroach bites you.
* * * LOW HITPOINT WARNING * * *
A goblin comes into view. It is wielding a club.
It was a potion of degeneration.
There was something very wrong with that liquid.
You feel weakened.
You feel dopey.
You feel clumsy.
You constrict the giant cockroach. The hobgoblin hits you with a club.
* * * LOW HITPOINT WARNING * * *
The goblin shoots a stone.
The stone barely misses you.
The stone hits Robin.
Robin says, "Kneel, worm!"
Robin roars a battlecry!
The goblins go into a battle-frenzy!
The giant cockroach bites you.
You die...

##.##......###.....
.........### ####..
#.####..## #...
#.####..##### #...
#.#.........# #...
#####.#.##.####.# #...
###.....(.........# #...
#....g.gg.......#.####...
.###.....)#@s.#.............
.......)g.#)................
s##...s(.##g#####.#.#####...
#....).#### #.## ##.#
#.......# ## ### ....g####.#
.###. .# # .# .#


You could see Robin, a giant cockroach, a hobgoblin and 2 goblins.

Vanquished Creatures
  4 adders
  2 oozes
  4 worms
  A dart slug (D:1)
  A leopard gecko (D:1)
  An orc (D:3)
  6 bats
  2 giant cockroaches
  12 goblins
  6 hobgoblins
  4 quokkas (D:2)
  A ball python (D:2)
  2 frilled lizards (D:2)
  3 kobolds
  6 rats
55 creatures vanquished.

Notes
Turn   | Place    | Note
-------+----------+-------------------------------------------
     0 | D:1      | tehllama the Octopode Transmuter began the quest for the Orb.
     0 | D:1      | Reached XP level 1. HP: 13/13 MP: 3/3
   348 | D:1      | Reached XP level 2. HP: 18/18 MP: 5/5
   455 | D:1      | You fall through a shaft!
   664 | D:2      | Reached skill level 4 in Unarmed Combat
   749 | D:2      | Reached XP level 3. HP: 7/23 MP: 6/6
  1569 | D:2      | Reached skill level 1 in Stealth
  1616 | D:2      | Reached XP level 4. HP: 28/28 MP: 7/7
  2308 | D:3      | Learned a level 2 spell: Sticks to Snakes
  2312 | D:3      | Learned a level 3 spell: Spider Form
  2393 | D:3      | Noticed Robin
  2408 | D:3      | Reached XP level 5. HP: 14/33 MP: 8/8
  2412 | D:3      | HP: 1/33 [hobgoblin/club (1)]
  2412 | D:3      | Slain by a giant cockroach

Vault maps used:
D:1:      lightli_arrival_noodles
D:3:      kennysheep_six_static_rooms, lemuel_coloured_pillars_altar,
          first_bread, uniq_robin

Skill      XL: |  1  2  3  4 |
---------------+-------------+-----
Unarmed Combat | 4 |  4.9
Stealth        | 1 3 |  3.1
Fighting       | |  1.0
Dodging        | |  2.0
Spellcasting   | |  2.0
Transmutations | |  2.0

Action                   |  1- 3 |  4- 6 || total
-------------------------+-------+-------++-------
Melee: Unarmed           |    60 |    53 ||   113
       Constrict         |    19 |    14 ||    33
       Tentacles         |    10 |     7 ||    17
       Punch             |     3 |     2 ||     5
       Kick              |     2 |     3 ||     5
 Cast: Beastly Appendage |     1 |     2 ||     3
  Use: Scroll            |       |     3 ||     3
       Potion            |       |     1 ||     1
 Stab: Sleeping          |     4 |     4 ||     8
  Eat: Chunk             |     2 |     3 ||     5
Armor: Skin              |    12 |     2 ||    14
Dodge: Dodged            |    36 |    35 ||    71

Table legend:
 A = Spawn XP
 B = Non-spawn XP
 C = Spawn XP percentage of total XP
 D = Spawn monster count
 E = Non-spawn monster count
 F = Spawn count percentage of total count
 G = Total turns spent on level
                    A         B        C        D         E        F      G
               +---------+---------+-------+---------+---------+-------+---------
         Total |      14 |     152 |   8.4 |       7 |      48 |  12.7 |  2412
               +---------+---------+-------+---------+---------+-------+---------
           D:1 |       0 |      18 |   0.0 |       0 |       9 |   0.0 |   624
           D:2 |      14 |      66 |  17.5 |       7 |      21 |  25.0 |  1467
           D:3 |       0 |      68 |   0.0 |       0 |      18 |   0.0 |   321
               +---------+---------+-------+---------+---------+-------+---------
